 Dungeon Crawl Stone Soup version 0.27-a0-1278-g6cbc8dfb29 (webtiles) character file.

Game seed: 18187257966939968356

844 night the Magician (level 8, 0/49 HPs)
             Began as a Djinni Ice Elementalist on June 12, 2021.
             Was an Initiate of Gozag.
             Splashed by a jelly's acid (10 damage)
             ... on level 5 of the Dungeon.
             The game lasted 00:11:53 (6472 turns).

night the Magician (Djinni Ice Elementalist)        Turns: 6472, Time: 00:11:54

Health: 0/49       AC: -7    Str:  8    XL:     8   Next: 20%
Gold:   203        EV: 16    Int: 18    God:    Gozag SH:  5 Dex: 16

rFire    + + +     SeeInvis .   g - +2 dagger (flame)
rCold    x . .     Faith    .   (no shield)
rNeg     . . .     Spirit   .   r - +1 leather armour {rF+}
rPois    ∞         Reflect  +   m - +0 helmet
rElec    .         Harm     .   e - scarf {shadows}
rCorr    .         Rampage  .   (no gloves)
Will     .....                  (boots unavailable)
Stlth    ++........             v - amulet of reflection
HPRegen  0.16/turn              o - +4 ring of evasion
MPRegen  0.00/turn              (no ring)

@: corroded, gold aura, flying
A: sickness immunity, fire resistance 2, cold vulnerability 1, float, innate
caster, hp casting, extra vitality 1, agile 1, frail 1, sense surroundings 1
a: Renounce Religion, Potion Petition, Call Merchant, Bribe Branch


You were on level 5 of the Dungeon.
You worshipped Gozag.
Gozag was aware of your devotion.
You visited 1 branch of the dungeon, and saw 5 of its levels.

You collected 259 gold pieces.
You paid 56 gold pieces to Gozag.

Inventory:

Hand Weapons
 g - a +2 dagger of flaming (weapon)
 k - a +2 dagger of venom
 l - a +0 trident
 s - a +2 dagger of speed
Missiles
 b - 33 bolts
 c - 53 sling bullets
 d - 2 boomerangs of dispersal
 f - 73 stones
 i - 2 boomerangs
 u - 8 atropa-tipped darts
 x - 10 arrows
Armour
 a - a +1 robe
 e - a scarf of shadows (worn)
 m - a +0 helmet (worn)
 n - a +0 ring mail
 r - a +1 leather armour of fire resistance (worn)
Jewellery
 o - a +4 ring of evasion (left hand)
 v - an amulet of reflection (around neck)
Wands
 j - a wand of acid (7)
 q - a wand of polymorph (10)
Scrolls
 p - a scroll of magic mapping
 y - a scroll of identify
Potions
 h - a potion of might
 t - 2 potions of curing
 w - a potion of heal wounds
 z - a potion of ambrosia


   Skills:
 - Level 2.4 Fighting
 - Level 2.1 Dodging
 - Level 1.5 Stealth
 * Level 7.1 Spellcasting


You couldn't memorise any spells.
You knew the following spells:

 Your Spells              Type           Power      Damage    Failure   Level
a - Freeze                Ice            100%       1d11      1%          1
b - Frozen Ramparts       Ice            64%        1d8       2%          3
c - Ozocubu's Armour      Ice            32%        N/A       2%          3
d - Hailstorm             Conj/Ice       32%        3d8       9%          4
e - Metabolic Englaciati  Hex/Ice        16%        N/A       22%         5
f - Apportation           Tloc           64%        N/A       1%          1
g - Call Imp              Summ           32%        N/A       1%          2
h - Poisonous Vapours     Pois/Air       64%        N/A       1%          2
Your spell library was empty.

Dungeon Overview and Level Annotations

Branches:
Dungeon (5/15)
 Temple: D:4-7

Altars:
Gozag
Okawaru
Ru
Xom
Yredelemnul
Zin
The Shining One

Annotations:
D:5 3 runed translucent doors, Goblin1989's ghost, weakling DsDe


Innate Abilities, Weirdness & Mutations

You are immune to sickness and miasma.
You are immune to poison.
Your flesh is very heat resistant. (rF++)
You are vulnerable to cold. (rC-)
You float through the air rather than walking.
You learn spells naturally, not from books.
Your magical power is your life essence.
You have superior vitality. (+4 HP)
You are agile. (Dex +2)
You are frail. (-10% HP)
You passively map a small area around you.


Message History

Your +2 dagger of venom stops dripping with poison.
Your +2 dagger of flaming bursts into flame!
g - a +2 dagger of flaming (weapon)
You hit the jelly but do no damage.
Your hands burn!
The jelly closely misses you.
You hit the jelly. You burn the jelly.
Your hands burn!
The jelly is moderately wounded.
The jelly hits you.
You are splashed with acid!
You hit the jelly. You burn the jelly. The acid corrodes you!
Your hands burn!
The jelly is heavily wounded.
The jelly misses you.
You hit the jelly but do no damage.
Your hands burn!
The jelly is heavily wounded.
The jelly barely misses you.
You hit the jelly but do no damage.
Your hands burn!
The jelly is heavily wounded.
The jelly completely misses you.
Aiming: Corrosive Bolt
Press: ? - help, Shift-Dir - straight line, f - orc
Aim: an orc, wielding a +0 war axe (71% to hit)
The bolt of acid hits the jelly.
The jelly completely resists.
The jelly is heavily wounded.
The bolt of acid hits the orc!
The orc is splashed with acid.
You kill the orc!
The hound barks!
The jelly hits you but does no damage.
You hit the jelly. You burn the jelly.
Your hands burn!
The jelly is severely wounded.
The jelly completely misses you.
You hit the jelly but do no damage. The acid corrodes you!
Your hands burn!
The jelly is severely wounded.
You block the jelly's attack.
You hit the jelly. You burn the jelly. The acid corrodes you!
Your hands burn!
* * * LOW HITPOINT WARNING * * *
The jelly is severely wounded.
The jelly hits you.
* * * LOW HITPOINT WARNING * * *
You are splashed with acid!
You die...
Your body crumbles into a pile of gold.

., ###.#...... , , ..
.........., .
#.......###............
* ................. ....
, #......###....####...#
#
.....#.##...........##.#
...........###..##.....#
.......##.## ##.##......
..........# #.@Jh.....
.......#### ####......,
.#.###.# ...... ...###.#
......, .....#.####
......,, ####......# *
##o... , ######## *,
.h.. *** * ,≈ , ≈, , ,


You could see a hound and a jelly.

Vanquished Creatures
  Grinder (D:3)
  An ogre (D:4)
  2 scorpions
  A howler monkey (D:5)
  3 orc priests (D:5)
  A centaur skeleton (D:4)
  Natasha (thrice) (D:2)
  Ijyb (D:3)
  An orc wizard (D:5)
  Robin (D:2)
  6 adders
  An ufetubus (D:5)
  2 adder skeletons (D:4)
  A worm (D:2)
  5 dart slugs
  8 orcs
  11 ball pythons
  4 bats
  4 endoplasms
  2 giant cockroaches
  13 goblins
  11 hobgoblins
  3 quokkas
  2 frilled lizards (D:3)
  6 kobolds
  6 rats
100 creatures vanquished.

Notes
Turn   | Place    | Note
-------+----------+-------------------------------------------
     0 | D:1      | night the Djinni Ice Elementalist began the quest for the
                  | Orb.
     0 | D:1      | Reached XP level 1. HP: 15/15 MP: 0/0
   260 | D:1      | Reached XP level 2. HP: 15/21 MP: 0/0
  1308 | D:1      | Reached XP level 3. HP: 24/26 MP: 0/0
  1308 | D:1      | Learned a level 1 spell: Apportation
  1519 | D:1      | Reached skill level 1 in Fighting
  1699 | D:2      | Noticed Natasha
  1905 | D:2      | Killed Natasha
  1906 | D:2      | Reached skill level 4 in Spellcasting
  1906 | D:2      | Reached XP level 4. HP: 19/32 MP: 0/0
  2057 | D:2      | Noticed Natasha
  2067 | D:2      | Killed Natasha
  2257 | D:2      | Reached XP level 5. HP: 37/38 MP: 0/0
  2257 | D:2      | Learned a level 2 spell: Call Imp
  2263 | D:2      | Noticed Natasha
  2268 | D:2      | Killed Natasha
  2269 | D:2      | Reached skill level 2 in Fighting
  3010 | D:2      | Noticed Robin
  3036 | D:2      | Killed Robin
  3741 | D:3      | Noticed Grinder
  3744 | D:3      | Noticed Ijyb
  3755 | D:3      | Killed Grinder
  3755 | D:3      | Killed Ijyb
  3756 | D:3      | Reached skill level 5 in Spellcasting
  3756 | D:3      | Reached XP level 6. HP: 21/45 MP: 0/0
  3756 | D:3      | Reached XP level 7. HP: 23/49 MP: 0/0
  3756 | D:3      | Learned a level 2 spell: Poisonous Vapours
  4225 | D:3      | Found a faded altar of an unknown god.
  4395 | D:3      | Gained mutation: You passively map a small area around you.
                  | [potion of mutation]
  4395 | D:3      | Gained mutation: You are frail. (-10% HP) [potion of
                  | mutation]
  4395 | D:3      | Gained mutation: You are agile. (Dex +2) [potion of
                  | mutation]
  4535 | D:3      | Found a sacrificial altar of Ru.
  4601 | D:4      | Reached skill level 6 in Spellcasting
  5619 | D:4      | Found a shimmering altar of Xom.
  5625 | D:4      | Found a glowing golden altar of the Shining One.
  5630 | D:4      | Found a basalt altar of Yredelemnul.
  5701 | D:4      | Found an opulent altar of Gozag.
  5701 | D:4      | Found a glowing silver altar of Zin.
  6054 | D:4      | Became a worshipper of Gozag Ym Sagoz the Greedy
  6079 | D:5      | Entered Level 5 of the Dungeon
  6106 | D:5      | Noticed Goblin1989's ghost (weakling DsDe)
  6108 | D:5      | Found a runed translucent gate.
  6108 | D:5      | Found a runed translucent gate.
  6109 | D:5      | Found a runed translucent gate.
  6141 | D:5      | Found an iron altar of Okawaru.
  6151 | D:5      | Reached XP level 8. HP: 16/49 MP: 0/0
  6162 | D:5      | Reached skill level 7 in Spellcasting
  6472 | D:5      | Splashed by a jelly's acid

Illustrated notes

Levels and vault maps discovered:
D:1:      psy_arrival_conway, layout_basic, serial_aquarium,
          aquarium_bridge_straight [aquarium_subvault_bridge,
          aquarium_subvault_window, aquarium_subvault_bridge,
          aquarium_subvault_wall], aquarium_bridge_straight
          [aquarium_subvault_bridge, aquarium_subvault_wall,
          aquarium_subvault_bridge, aquarium_subvault_wall], aquarium_window_1,
          aquarium_window_corridor_2, aquarium_window_1, aquarium_view_2c
D:2:      layout_rooms, chequers_serial_rivers_micro_c, serial_bayou_crossing,
          uniq_robin, uniq_natasha
D:3:      layout_basic, lemuel_coloured_pillars_altar,
          chequers_ecumenical_altar_simple, uniq_ijyb, uniq_grinder
D:4:      wander_river, layout_layer_cave,
          grunt_temple_overflow_gold_and_silver,
          minmay_overflow_temple_star_quad, minmay_distorted
D:5:      layout_rooms, okawaru_metal_pillars_1_2, gammafunk_ghost_split,
          chequers_serial_rivers_small_3, supply_closet_lemuel,
          hangedman_decor_growths, uniq_pikel, uniq_duvessa, uniq_sigmund

Skill      XL: |  1  2  3  4  5  6  7  8 |
---------------+-------------------------+-----
Fighting       | 1 2 |  2.4
Spellcasting   | 4 5 6 7 |  7.1
Dodging        | |  2.1
Stealth        | |  1.5

Action                   |  1- 3 |  4- 6 |  7- 9 || total
-------------------------+-------+-------+-------++-------
Melee: Dagger            |    35 |    52 |    94 ||   181
 Cast: Freeze            |    18 |    14 |     1 ||    33
       Frozen Ramparts   |     2 |     7 |     6 ||    15
       Ozocubu's Armour  |       |     3 |     3 ||     6
       Poisonous Vapours |       |       |     8 ||     8
Evoke: Wand              |       |     4 |     2 ||     6
  Use: Scroll            |     4 |     1 |     5 ||    10
       Potion            |       |       |     2 ||     2
 Stab: Sleeping          |     3 |       |     2 ||     5
       Invisible         |       |       |     1 ||     1
Armor: Robe              |     7 |    12 |       ||    19
       Ring mail         |       |     6 |       ||     6
       Leather armour    |       |       |    32 ||    32
Dodge: Dodged            |    32 |    37 |    70 ||   139
Block: Other             |       |       |    16 ||    16

Table legend: (Time is in decaauts)
 A = Elapsed time spent in this place.
 B = Non-inter-level travel time spent in this place.
 C = Inter-level travel time spent in this place.
 D = Time resting spent in this place.
 E = Time spent auto-exploring this place.
 F = Levels seen in this place.
 G = Mean time per level.
                   A        B        C        D        E       F      G
               +--------+--------+--------+--------+--------+-----+--------+
         Total |   6479 |   6293 |    186 |   1580 |   3942 |   5 | 1295.8 |
       Dungeon |   6479 |   6293 |    186 |   1580 |   3942 |   5 | 1295.8 |
               +--------+--------+--------+--------+--------+-----+--------+

Top non-repeatable levels by time:
     D:1: 1879 daAuts
     D:2: 1601 daAuts
     D:4: 1487 daAuts
     D:3: 1118 daAuts
     D:5: 392 daAuts
